 Dungeon Crawl Stone Soup version 0.18.1-6-gd335043 (webtiles) character file.

161835 Liquid the Fencer (level 17, 0/222 HPs)
             Began as a Naga Berserker on May 19, 2016.
             Was a High Priest of Trog.
             Killed from afar by a greater naga (8 damage)
             ... with a bolt of poison
             ... on level 3 of the Snake Pit.
             The game lasted 01:58:27 (30091 turns).

Liquid the Fencer (Naga Berserker)                 Turns: 30091, Time: 01:58:27

Health: 0/222      AC: 30    Str: 28    XL:     17   Next: 79%
Magic:  18/18      EV: 14    Int:  8    God:    Trog [*****.]
Gold:   1508       SH: 15    Dex: 24    Spells: 0 memorised, 16 levels left

rFire  + + .     SeeInvis +     S - +7 demon blade (elec)
rCold  + . .     Gourm    .     m - +5 ring mail of Etwionap {-Tele rN+ Dex+4 SInv}
rNeg   + . .     Faith    +     N - +0 shield
rPois  +         Spirit   .     (helmet restricted)
rElec  .         Dismiss  .     o - +1 cloak
rCorr  .         Reflect  .     R - +0 pair of gloves
SustAt .         Harm     .     c - +1 naga barding {rF+}
MR     +++++     NoTele   +     P - amulet of faith
Stlth  ..........               u - +2 ring of dexterity
                                s - +4 ring of slaying

@: berserking, lethally poisoned (0 -> 0), regenerating, constricted, quick,
almost entirely resistant to hostile enchantments, extremely unstealthy
A: horns 1, large bone plates 1, thin metallic scales 1, see invisible, agile 1,
cold resistance 1, deformed body, fire resistance 1, frail 1, high mp 1, magic
resistance 1, poison resistance, slowness 2, slow metabolism 1, spit poison 2,
strong 1, wild magic 1, no device heal 1, constrict 1, AC +5
a: Spit Poison, Berserk, Trog's Hand, Brothers in Arms, Burn Spellbooks,
Renounce Religion


You were on level 3 of the Snake Pit.
You worshipped Trog.
Trog was extremely pleased with you.
You were not hungry.

You visited 4 branches of the dungeon, and saw 28 of its levels.
You visited 1 bazaar.
You also visited: Volcano.

You collected 2981 gold pieces.
You spent 1473 gold pieces at shops.

Inventory:

Hand Weapons
 l - a +0 dagger of flaming
 S - a +7 demon blade of electrocution (weapon)
 W - a +4 scimitar of flaming
Armour
 c - a +1 naga barding of fire resistance (worn)
 h - a +2 helmet of fire resistance
 m - the +5 ring mail of Etwionap (worn) {-Tele rN+ Dex+4 SInv}
   (You found it on level 4 of the Dungeon)

   It affects your dexterity (+4).
   It protects you from negative energy.
   It lets you see invisible.
   It prevents most forms of teleportation.
 o - a +1 cloak (worn)
 v - the +1 chain mail of the Mackerel {+Fly rF+}
   (You bought it in a shop on level 2 of the Orcish Mines)

   It protects you from fire.
   It lets you fly.
 N - a +0 shield (worn)
 R - a +0 pair of gloves (worn)
Jewellery
 r - an uncursed ring of sustain attributes
 s - a +4 ring of slaying (left hand)
 t - an uncursed ring of flight
 u - a +2 ring of dexterity (right hand)
 I - an uncursed ring of positive energy
 P - an amulet of faith (around neck)
 Q - an uncursed ring of positive energy
 V - an uncursed ring of resist corrosion
Wands
 a - a wand of heal wounds (2/9)
 F - a wand of lightning (12/15)
 G - a wand of iceblast (3/15)
 J - a wand of acid (8/15)
 M - a wand of heal wounds (5/9)
 X - a wand of confusion (14/48)
Scrolls
 b - 10 scrolls of remove curse
 d - 10 scrolls of identify
 i - 2 scrolls of magic mapping
 j - 3 scrolls of teleportation
 k - 3 scrolls of blinking
 n - 5 scrolls of enchant armour
 y - 2 scrolls of fear
 D - 4 scrolls of recharging
Potions
 e - 3 potions of haste
 f - 2 potions of cancellation
 g - 3 potions of berserk rage
 p - a potion of cure mutation
 w - 4 potions of might
 z - 11 potions of curing
 A - a potion of ambrosia
 B - 6 potions of brilliance
 E - 7 potions of agility
 H - a potion of invisibility
 K - 3 potions of flight
 T - 3 potions of heal wounds
 Y - 4 potions of lignification
 Z - a potion of magic
Books
 C - Roxanne's Volume of the Rocks
   (You took it off Roxanne on level 3 of the Snake Pit)

   Spells                             Type                      Level
   a - Sandblast                      Earth                        1
   b - Passwall                       Transmutation/Earth          2
   c - Statue Form                    Transmutation/Earth          6
   d - Shatter                        Earth                        9
   Trog disapproves of the use of such an item.
Comestibles
 q - 29 fruits
 x - 17 meat rations
 L - 2 bread rations
 O - 5 beef jerkies
 U - 4 royal jellies


   Skills:
 + Level 13.7 Fighting
 * Level 16.9 Long Blades
 + Level 11.2 Armour
 + Level 11.5 Dodging
 - Level 15.4 Stealth
 + Level 7.4 Shields


You had 16 spell levels left.
You didn't know any spells.

Dungeon Overview and Level Annotations

Branches:
Dungeon (15/15)            Temple (0/1) D:5            Lair (8/8) D:11
  Swamp (0/4) Lair:3        Snake (3/4) Lair:4        Slime (0/6) Lair:6
    Orc (2/2) D:10            Elf (0/3) Orc:2        Vaults (0/5) D:14
 Depths (0/5) D:15

Altars:
Ashenzari
Cheibriados
Dithmenos
Elyvilon
Okawaru
Pakellas
Trog
Xom
Zin
The Shining One
Jiyva

Shops:
Orc:2 :?[%

Portals:
Pandemonium: Orc:2

Annotations:
Lair:5 exclusion: oklob plant
Lair:6 1 runed door


Innate Abilities, Weirdness & Mutations

You cannot wear boots.
Your serpentine skin is tough (AC +5).
You have supernaturally acute eyesight.
Armour fits poorly on your strangely shaped body.
Your system is resistant to poisons.
You cover ground very slowly.
You have a slow metabolism.
You can spit poison.
You can use your snake-like lower body to constrict enemies.
You have a pair of small horns on your head.
You are partially covered in large bone plates (AC +2, SH +2).
You are partially covered in thin metallic scales (AC +2).
You are agile. (Dex +2)
Your flesh is cold resistant.
Your flesh is heat resistant.
You are frail (-10% HP).
You have an increased reservoir of magic (+10% MP).
You are resistant to hostile enchantments.
Your muscles are strong. (Str +2)
Your spells are a little harder to cast, but a little more powerful.
Potions and wands are less effective at restoring your health.


Message History

The greater naga constricts you.
You hit the greater naga but do no damage.
There is a sudden explosion of sparks!
You headbutt the greater naga.
The greater naga is moderately wounded.
You constrict the greater naga.
Unknown command.
You slash the greater naga!
You headbutt the greater naga, but do no damage.
The greater naga is heavily wounded.
You constrict the greater naga.
You feel sick.
The greater naga gestures at you while chanting.
The orb of energy hits you!
* * * LOW HITPOINT WARNING * * *
The orb of energy explodes!
The greater naga constricts you.
A red film seems to cover your vision as you go berserk!
You feel yourself moving faster!
You feel mighty!
You constrict the greater naga.
The greater naga points at you and mumbles some strange words.
The bolt of poison hits you! You resist.
You die...

#.##
###...)รท#....#..
#.
#...)(#.........
..
#...).#.........
#...####...###..
####.......# .#
######.....###..#
.# .........###
##.. # #######.##
##.# ##))N@...#
.#
#.#####.[#######
........##
...............
..........####.
...#.....## ..
#...### # #...
#...


You could see a greater naga.

Vanquished Creatures
  The ghost of nubinia the Sorcerer, a veteran DEFE of Vehumet (D:15)
  Rupert (D:13)
  Asterion (Snake:3)
  Kirke (Lair:7)
  Roxanne (Snake:3)
  3 greater nagas
  Maud (Lair:4)
  Aizul (Snake:1)
  A stone giant (Orc:1)
  Azrael (Orc:2)
  Josephine (Lair:8)
  A vault guard (D:14)
  A yaktaur captain (D:15)
  5 naga warriors
  8 hydras
  7 anacondas
  An ogre mage (D:15)
  5 centaur warriors
  A tengu warrior (D:14)
  8 death yaks
  8 orc high priests (Orc:2)
  6 naga sharpshooters
  6 shock serpents
  An unseen horror (D:15)
  A gelid demonspawn (Orc:2)
  8 hill giants
  4 deep elf archers (D:12)
  2 naga ritualists
  A torturous demonspawn (Orc:2)
  A wolf spider zombie (D:13)
  5 mana vipers
  5 orc knights
  7 salamanders
  6 griffons
  A manticore (D:13)
  3 cyclopes (D:15)
  14 deep elf magi (D:12)
  5 orc sorcerers
  A sixfirhy (Orc:2)
  Maurice (D:8)
  17 black mambas
  9 elephants (Lair:6)
  2 guardian serpents (Snake:3)
  7 ugly things
  3 toenail golems (Volcano)
  7 naga magi
  4 centaur zombies
  A gargoyle (D:10)
  10 spiny frogs
  11 komodo dragons
  A yaktaur (D:15)
  A rime drake (Lair:7)
  A hellwing (Orc:2)
  A spriggan druid (Lair:8)
  A tengu conjurer (D:13)
  7 polar bears
  2 two-headed ogres
  2 boulder beetles
  Grinder (D:4)
  27 blink frogs
  5 trolls
  A shadow (D:15)
  A centaur simulacrum (D:15)
  A vampire (D:12)
  3 redbacks (Lair:8)
  10 spriggans
  7 humans
  5 wraiths (Lair:8)
  4 wyverns
  2 water elementals
  A basilisk (D:15)
  77 yaks
  2 fire elementals (Orc:2)
  4 hungry ghosts
  12 hippogriffs
  19 wargs
  4 vampire mosquitoes
  Menkaure (D:4)
  2 soldier ants
  27 nagas
  3 hell hounds (Orc:2)
  11 water moccasins
  5 ice beasts
  8 porcupines
  37 orc warriors
  A swamp drake (D:11)
  3 sky beasts
  10 black bears (Lair:8)
  3 wasps (Lair:8)
  An eye of draining (D:14)
  A necrophage (D:13)
  2 phantoms
  11 ogres
  30 wolves
  6 centaurs
  22 crocodiles
  2 big kobolds
  13 giant frogs
  A water moccasin zombie (D:11)
  2 wyvern skeletons (D:14)
  4 scorpions
  2 water moccasin skeletons
  16 wights
  13 killer bees
  9 howler monkeys
  5 electric eels
  10 crimson imps
  3 hounds
  A quasit (D:7)
  5 giant frog zombies
  2 jellies
  3 centaur skeletons
  4 giant frog skeletons
  29 orc priests
  19 orc wizards
  A gnoll shaman (Orc:1)
  Jessica (D:2)
  12 iguanas
  10 worker ants
  A killer bee zombie (D:7)
  8 sheep (Lair:4)
  A hound zombie (D:8)
  Robin (D:3)
  A worker ant zombie (D:6)
  12 adders
  3 gnolls (Orc:1)
  74 river rats
  2 shadow imps
  2 adder zombies
  2 adder skeletons
  4 worms
  2 dart slugs
  6 giant geckos
  97 orcs
  5 bats
  7 giant cockroaches
  21 goblins
  10 hobgoblins
  18 jackals
  7 quokkas
  A ball python (D:6)
  2 giant gecko skeletons
  A giant gecko zombie (D:5)
  4 giant newts
  2 jackal skeletons
  23 kobolds
  A quokka skeleton (D:4)
  13 rats
  3 fungi
  5 plants
1099 creatures vanquished.

Vanquished Creatures (collateral kills)
  3 vault guards (D:14)
  Fannar (Lair:1)
  A hydra (Lair:1)
  An orc high priest (Orc:1)
  An unseen horror (D:14)
  An orc knight (Orc:1)
  A troll (D:15)
  A yak (D:14)
  A naga (Snake:3)
  5 orc warriors (Orc:1)
  A killer bee (D:7)
  An iguana (D:14)
  4 river rats (Lair:1)
  3 orcs (Orc:1)
25 creatures vanquished.

Vanquished Creatures (others)
  A fire dragon (D:6)
  4 humans (Lair:7)
  2 wights (D:11)
  An electric eel (D:11)
  A bush (Lair:3)
  22 fungi
  29 plants
60 creatures vanquished.

Grand Total: 1184 creatures vanquished

Notes
Turn   | Place    | Note
--------------------------------------------------------------
     0 | D:1      | Liquid the Naga Berserker began the quest for the Orb.
     0 | D:1      | Reached XP level 1. HP: 21/21 MP: 1/1
   389 | D:1      | Reached XP level 2. HP: 26/28 MP: 2/2
   500 | D:1      | Reached ** piety under Trog
   545 | D:1      | Reached XP level 3. HP: 25/34 MP: 3/3
   811 | D:2      | Reached skill level 4 in Long Blades
  1327 | D:2      | Reached XP level 4. HP: 25/43 MP: 4/4
  1689 | D:2      | Noticed Jessica
  1690 | D:2      | Killed Jessica
  1697 | D:2      | Reached XP level 5. HP: 50/50 MP: 5/5
  1814 | D:2      | Reached *** piety under Trog
  2634 | D:3      | Noticed Robin
  2643 | D:3      | Killed Robin
  2836 | D:3      | Reached XP level 6. HP: 54/57 MP: 6/6
  3104 | D:4      | Reached **** piety under Trog
  3307 | D:4      | Noticed Grinder
  3310 | D:4      | Noticed Menkaure
  3335 | D:4      | Killed Grinder
  3335 | D:4      | Reached skill level 5 in Long Blades
  3335 | D:4      | Reached XP level 7. HP: 66/66 MP: 7/7
  3387 | D:4      | Gained mutation: You have a pair of small antennae on your head. [potion of beneficial mutation]
  3388 | D:4      | Gained mutation: Your flesh is heat resistant. [potion of beneficial mutation]
  3403 | D:4      | Killed Menkaure
  3403 | D:4      | Reached skill level 5 in Fighting
  3748 | D:4      | Got a twisted ring mail
  3759 | D:4      | Identified the +5 ring mail of Etwionap {-Tele rN+ Dex+4 SInv} (You found it on level 4 of the Dungeon)
  4064 | D:5      | Entered Level 5 of the Dungeon
  4174 | D:5      | Found a staircase to the Ecumenical Temple.
  4314 | D:5      | Found an iron altar of Okawaru.
  4336 | D:5      | Reached skill level 6 in Long Blades
  4548 | D:5      | Reached XP level 8. HP: 73/75 MP: 8/8
  5214 | D:6      | Reached skill level 7 in Long Blades
  5656 | D:6      | Found an oddly glowing altar of Pakellas.
  5656 | D:6      | Noticed a fire dragon
  5673 | D:6      | Killed a fire dragon
  5810 | D:7      | Noticed a hill giant
  5811 | D:7      | Noticed a hill giant
  5823 | D:6      | Reached ***** piety under Trog
  5968 | D:7      | Noticed an unseen horror
  5969 | D:7      | Noticed a troll
  5983 | D:7      | Killed a troll
  5983 | D:7      | Reached XP level 9. HP: 85/85 MP: 9/9
  6220 | D:7      | Killed a hill giant
  6220 | D:7      | Reached skill level 8 in Long Blades
  6651 | D:7      | Reached skill level 5 in Armour
  6651 | D:7      | Reached skill level 5 in Dodging
  6667 | D:7      | Found a bloodstained altar of Trog.
  6681 | D:7      | Killed a hill giant
  6681 | D:7      | Reached skill level 5 in Stealth
  6733 | D:7      | Found a shadowy altar of Dithmenos.
  6735 | D:7      | Found a snail-covered altar of Cheibriados.
  6943 | D:8      | Reached XP level 10. HP: 44/94 MP: 10/10
  7238 | D:8      | Noticed Maurice
  7268 | D:8      | Killed Maurice
  7955 | D:9      | Received a gift from Trog
  7955 | D:9      | Reached skill level 9 in Long Blades
  8580 | D:10     | Entered Level 10 of the Dungeon
  8597 | D:10     | Noticed a gargoyle
  8608 | D:10     | Reached XP level 11. HP: 104/104 MP: 11/11
  8679 | D:10     | Noticed a hill giant
  8709 | D:10     | Killed a hill giant
  8971 | D:10     | Found a staircase to the Orcish Mines.
  9012 | D:10     | Noticed a hill giant
  9020 | D:10     | Killed a hill giant
  9522 | D:11     | Reached skill level 10 in Long Blades
  9703 | D:11     | Noticed a centaur warrior
  9712 | D:11     | Killed a centaur warrior
  9905 | D:11     | Noticed a white ugly thing
  9923 | D:11     | Killed a white ugly thing
 10157 | D:11     | Gained mutation: You are frail (-10% HP). [mutagenic meat]
 10158 | D:11     | Lost mutation: You have a pair of small antennae on your head. [mutagenic meat]
 10160 | D:11     | Gained mutation: Potions and wands are less effective at restoring your health. [mutagenic meat]
 10161 | D:11     | Gained mutation: You can exhale a cloud of poison. [mutagenic meat]
 10722 | D:11     | Noticed a griffon
 10736 | D:11     | Killed a griffon
 10736 | D:11     | Reached skill level 10 in Stealth
 10855 | D:11     | Reached XP level 12. HP: 44/102 MP: 12/12
 11099 | D:11     | Found a staircase to the Lair.
 11409 | Lair:1   | Entered Level 1 of the Lair of Beasts
 11409 | Lair:1   | Noticed Fannar
 11429 | Lair:1   | Killed Fannar
 11734 | Lair:1   | Noticed a six-headed hydra
 11892 | Lair:1   | Killed a seven-headed hydra
 11892 | Lair:1   | Reached skill level 11 in Long Blades
 12113 | Lair:1   | Gained mutation: You have a pair of small horns on your head. [potion of mutation]
 12308 | Lair:2   | Found a glowing golden altar of the Shining One.
 12402 | Lair:2   | Found a dark tunnel.
 12411 | Volcano  | Entered a volcano
 12716 | Lair:2   | Noticed a six-headed hydra
 12726 | Lair:2   | Killed an eight-headed hydra
 12844 | Lair:2   | Reached skill level 10 in Fighting
 13429 | Lair:3   | Reached skill level 12 in Long Blades
 13429 | Lair:3   | Gained mutation: You can use your snake-like lower body to constrict enemies. [Naga growth]
 13429 | Lair:3   | Reached XP level 13. HP: 62/110 MP: 13/13
 13797 | Lair:3   | Gained mutation: Your muscles are strong. (Str +2) [potion of mutation]
 13797 | Lair:3   | Gained mutation: You are partially covered in large bone plates (AC +2, SH +2). [potion of mutation]
 13888 | Lair:3   | Found a staircase to the Swamp.
 14909 | Lair:4   | Gained mutation: You are resistant to hostile enchantments. [potion of mutation]
 14909 | Lair:4   | Lost mutation: You can exhale a cloud of poison. [potion of mutation]
 15040 | Lair:4   | Found a staircase to the Snake Pit.
 15087 | Lair:4   | Noticed Maud
 15097 | Lair:4   | Killed Maud
 15856 | Lair:5   | Received a gift from Trog
 16666 | Lair:6   | Reached skill level 13 in Long Blades
 16848 | Lair:6   | Reached XP level 14. HP: 95/121 MP: 14/14
 16955 | Lair:6   | Found a runed door.
 16955 | Lair:6   | Found a viscous altar of Jiyva.
 16955 | Lair:6   | Noticed an acid blob
 16956 | Lair:6   | Found a staircase to the Slime Pits.
 16956 | Lair:6   | Noticed an acid blob
 16956 | Lair:6   | Noticed an acid blob
 16956 | Lair:6   | Noticed an acid blob
 17538 | Lair:7   | Noticed Kirke
 17545 | Lair:7   | Killed Kirke
 18097 | Lair:7   | Reached ****** piety under Trog
 18182 | Lair:7   | Received a gift from Trog
 18198 | Lair:7   | Got a pitted shortbow {god gift}
 18199 | Lair:7   | Identified the +7 shortbow of Anger {velocity, Dex+2} (Trog gifted it to you on level 7 of the Lair of Beasts)
 18834 | Lair:8   | Entered Level 8 of the Lair of Beasts
 19280 | Lair:8   | Reached skill level 14 in Long Blades
 19508 | Lair:8   | Received a gift from Trog
 19770 | Lair:8   | Reached skill level 1 in Shields
 19770 | Lair:8   | Reached XP level 15. HP: 68/129 MP: 15/15
 19813 | Lair:8   | Gained mutation: Your spells are a little harder to cast, but a little more powerful. [potion of beneficial mutation]
 20260 | Lair:8   | Noticed Josephine
 20266 | Lair:8   | Killed Josephine
 20266 | Lair:8   | Received a gift from Trog
 20266 | Lair:8   | Reached skill level 10 in Dodging
 20582 | Lair:5   | Reached skill level 15 in Stealth
 20808 | Orc:1    | Entered Level 1 of the Orcish Mines
 20811 | Orc:2    | Entered Level 2 of the Orcish Mines
 20862 | Orc:2    | Noticed Azrael
 20872 | Orc:2    | Killed Azrael
 20958 | Orc:2    | Found a staircase to the Elven Halls.
 21638 | Orc:1    | Received a gift from Trog
 21924 | Orc:2    | Found Seumoleu's Food Shoppe.
 21977 | Orc:2    | Found Lajusour's Magic Scroll Emporium.
 22174 | Orc:2    | Reached skill level 10 in Armour
 22378 | Orc:2    | Received a gift from Trog
 22389 | Orc:2    | Found Muneik's Book Boutique.
 22389 | Orc:2    | Found Tiqa's Antique Armour Shop.
 22389 | Orc:2    | Found a one-way gate leading to the halls of Pandemonium.
 22404 | Orc:2    | Bought a transparent ring mail for 297 gold pieces
 22404 | Orc:2    | Bought a shimmering chain mail for 313 gold pieces
 22421 | Orc:2    | Identified the +5 ring mail of the Engineer {Int+4} (You bought it in a shop on level 2 of the Orcish Mines)
 22431 | Orc:2    | Identified the cursed +1 chain mail of the Mackerel {+Fly rF+} (You bought it in a shop on level 2 of the Orcish Mines)
 22473 | Orc:2    | Bought a scroll of identify for 32 gold pieces
 22473 | Orc:2    | Bought a scroll of identify for 32 gold pieces
 22473 | Orc:2    | Bought a scroll of enchant weapon for 120 gold pieces
 22473 | Orc:2    | Bought a scroll of enchant weapon for 120 gold pieces
 22473 | Orc:2    | Bought a scroll of identify for 32 gold pieces
 22473 | Orc:2    | Bought a scroll of identify for 32 gold pieces
 22473 | Orc:2    | Bought a scroll of enchant weapon for 120 gold pieces
 22633 | D:12     | Reached skill level 15 in Long Blades
 22723 | D:12     | Found a flickering gateway to a bazaar.
 22737 | Bazaar   | Entered a bazaar
 22737 | Bazaar   | Found Plog's Gadget Boutique.
 22750 | Bazaar   | Found Wics's Magic Scroll Emporium.
 22758 | Bazaar   | Found Meull's Weapon Shop.
 22794 | Bazaar   | Found Ybrutzus's Jewellery Shoppe.
 22802 | Bazaar   | Bought an uncursed ring of sustain attributes for 175 gold pieces
 22802 | Bazaar   | Bought an uncursed ring of resist corrosion for 200 gold pieces
 23513 | D:12     | Received a gift from Trog
 23571 | D:12     | Reached XP level 16. HP: 110/137 MP: 16/16
 23680 | D:12     | Got a faintly glowing falchion
 23682 | D:12     | Identified the cursed +3 falchion of Ryetoija {slice, SInv} (You found it on level 12 of the Dungeon)
 23703 | D:12     | Got an ichor-stained hand axe
 23705 | D:12     | Identified the +0 hand axe "Xaeth" {chop, *Noise +Inv +Fly Int+2} (You found it on level 12 of the Dungeon)
 24195 | D:13     | Found a glowing silver altar of Zin.
 24260 | D:13     | Noticed Rupert
 24333 | D:13     | Killed Rupert
 24646 | D:14     | Found a gate to the Vaults.
 24656 | D:14     | Received a gift from Trog
 24673 | D:14     | Reached skill level 5 in Shields
 24852 | D:14     | Found a shimmering altar of Xom.
 25246 | D:14     | Found a shattered altar of Ashenzari.
 25895 | D:14     | Gained mutation: You are partially covered in thin metallic scales (AC +2). [mutagenic meat]
 25896 | D:14     | Gained mutation: Your flesh is cold resistant. [mutagenic meat]
 25965 | D:15     | Entered Level 15 of the Dungeon
 26026 | D:15     | Received a gift from Trog
 26064 | D:15     | Found a staircase to the Depths.
 26245 | D:15     | Noticed nubinia's ghost (veteran DEFE)
 26267 | D:15     | Killed nubinia's ghost
 26338 | D:15     | Reached skill level 16 in Long Blades
 26522 | D:15     | Found a white marble altar of Elyvilon.
 27106 | Snake:1  | Entered Level 1 of the Snake Pit
 27280 | Snake:1  | Reached XP level 17. HP: 119/146 MP: 17/17
 27708 | Snake:1  | Noticed Aizul
 27716 | Snake:1  | Killed Aizul
 27727 | Snake:1  | Received a gift from Trog
 27738 | Snake:1  | Gained mutation: You have an increased reservoir of magic (+10% MP). [mutagenic meat]
 27740 | Snake:1  | Gained mutation: You are agile. (Dex +2) [mutagenic meat]
 29494 | Snake:3  | Noticed Asterion
 29506 | Snake:3  | Killed Asterion
 29735 | Snake:3  | Noticed Roxanne
 30027 | Snake:3  | Killed Roxanne
 30029 | Snake:3  | Identified Roxanne's Volume of the Rocks (You took it off Roxanne on level 3 of the Snake Pit)
 30079 | Snake:3  | Received a gift from Trog
 30090 | Snake:3  | HP: 5/148 [greater naga/orb of energy (37)]
 30091 | Snake:3  | Killed from afar by a greater naga

Skill      XL: |  1  2  3  4  5  6  7  8  9 10 11 12 13 14 15 16 17 |
---------------+----------------------------------------------------+-----
Long Blades    | 4 5 6 7 8 9 10 12 13 14 15 16 | 16.9
Fighting       | 4 5 6 7 8 9 10 11 12 13 | 13.7
Armour         | 2 3 4 5 6 7 8 9 10 11 | 11.2
Dodging        | 2 3 4 5 6 7 8 9 10 11 | 11.5
Stealth        | 2 5 8 10 11 13 14 15 | 15.4
Shields        | 1 3 6 7 |  7.4

Action                   |  1- 3 |  4- 6 |  7- 9 | 10-12 | 13-15 | 16-18 || total
-------------------------+-------+-------+-------+-------+-------+-------++-------
Melee: Falchion          |   133 |   240 |   296 |    56 |       |       ||   725
       Long sword        |       |       |       |   622 |   226 |       ||   848
       Headbutt          |       |       |       |    46 |   349 |   245 ||   640
       Great sword       |       |       |       |       |   476 |       ||   476
       Constrict         |       |       |       |       |   267 |   160 ||   427
       Demon blade       |       |       |       |       |   352 |   631 ||   983
       Dagger            |       |       |       |       |       |     7 ||     7
       Scimitar          |       |       |       |       |       |     7 ||     7
Invok: Berserk           |       |     3 |     6 |    11 |     5 |     5 ||    30
       Trog's Hand       |       |       |     4 |    13 |    20 |    15 ||    52
       Brothers in Arms  |       |       |     2 |     2 |     1 |     3 ||     8
       Burn Spellbooks   |       |       |       |     1 |       |     1 ||     2
 Abil: Spit Poison       |       |     3 |    13 |    23 |    16 |    12 ||    67
       Breathe Poison Ga |       |       |       |    15 |     5 |       ||    20
Evoke: Wand              |       |       |       |       |     1 |     4 ||     5
  Use: Scroll            |       |       |     4 |    22 |    15 |     7 ||    48
       Potion            |       |       |     7 |     1 |     3 |     2 ||    13
 Stab: Sleeping          |       |       |     9 |    23 |    61 |    25 ||   118
       Distracted        |       |       |     1 |     1 |     5 |     6 ||    13
  Eat: Chunk             |     1 |     7 |     6 |    23 |    42 |    23 ||   102
       Fruit             |       |       |     4 |     1 |       |       ||     5
       Pizza             |       |       |     1 |       |       |     2 ||     3
       Royal jelly       |       |       |     1 |     1 |       |       ||     2
       Bread ration      |       |       |     3 |     4 |       |     3 ||    10
       Beef jerky        |       |       |       |     1 |       |       ||     1
       Meat ration       |       |       |       |     1 |       |       ||     1
Armor: Ring mail         |    52 |   149 |   191 |   268 |   304 |   142 ||  1106
       Animal skin       |     2 |       |       |       |       |       ||     2
Dodge: Dodged            |    82 |   162 |   211 |   411 |   605 |   295 ||  1766
Block: Other             |       |       |       |       |    31 |       ||    31
       Buckler           |       |       |       |       |   108 |   181 ||   289
       Shield            |       |       |       |       |       |    48 ||    48
